 Dungeon Crawl Stone Soup version 0.23.2-1-ga50397a6bc (webtiles) character file.

Game seed: 6930412939270979176

155 Mrkan the Ruffian (level 5, 0/52 HPs)
             Began as an Ogre Transmuter on May 17, 2019.
             Succumbed to a kobold's poison
             ... on level 3 of the Dungeon.
             The game lasted 00:09:03 (2732 turns).

Mrkan the Ruffian (Ogre Transmuter)                 Turns: 2732, Time: 00:09:03

Health: 0/52       AC:  4    Str: 14    XL:     5   Next: 37%
Magic:  7/9        EV: 10    Int: 15    God:
Gold:   69         SH:  0    Dex:  9    Spells: 7/10 levels left

rFire    . . .     SeeInvis .     - Unarmed
rCold    . . .     Gourm    .   (no shield)
rNeg     . . .     Faith    .   b - +0 robe
rPois    .         Spirit   .   (helmet restricted)
rElec    .         Reflect  .   m - +0 cloak
rCorr    .         Harm     .   (gloves unavailable)
MR       .....                  (boots unavailable)
Stlth    +.........             (no amulet)
HPRegen  0.17/turn              (no ring)
MPRegen  0.11/turn              (no ring)

@: lethally poisoned (0 -> -7), appendage
A: large, unfitting armour, talons 3, tough skin 1
a: End Transformation


You were on level 3 of the Dungeon.
You were hungry.
You had grown temporary talons.
You visited 1 branch of the dungeon, and saw 3 of its levels.

You collected 69 gold pieces.

Inventory:

Missiles
 a - 13 arrows
Armour
 b - a +0 robe (worn)
 m - a +0 cloak (worn)
Wands
 k - a wand of acid (8)
Scrolls
 f - 3 scrolls of teleportation {unknown}
 g - 2 scrolls of fog {unknown}
 h - 2 scrolls of remove curse {unknown}
Potions
 c - a potion of berserk rage {unknown}
 e - a potion of agility {unknown}
 i - a potion of might {unknown}
 j - a potion of curing
 l - 2 potions of brilliance {unknown}
Comestibles
 d - 2 rations
 n - a chunk of flesh


   Skills:
 + Level 2.8 Fighting
 - Level 1.7 Dodging
 * Level 3.7 Unarmed Combat
 + Level 3.2 Spellcasting
 * Level 3.1 Transmutations


You had 7 spell levels left.
You knew the following spells:

 Your Spells              Type           Power        Failure   Level  Hunger
a - Beastly Appendage     Tmut           ##....       5%          1    #......
b - Sticks to Snakes      Tmut           ##......     8%          2    ##.....

Your spell library contained the following spells:

 Spells                   Type           Power        Failure   Level  Hunger
 Spider Form              Tmut/Pois      #.........   30%         3    ###....
 Ice Form                 Ice/Tmut       #.......     71%         4    #####..
 Blade Hands              Tmut           ##........   82%         5    ######.


Dungeon Overview and Level Annotations

Branches:
Dungeon (3/15)

Altars:
Ashenzari
Okawaru

Annotations:
D:3 stillor's ghost, weakling GrEE


Innate Abilities, Weirdness & Mutations

You are too large for most types of armour.
You have tough skin. (AC +1)
You have claws for feet.


Message History

The worker ant barely misses you. The worker ant bites you.
* * * LOW HITPOINT WARNING * * *
You swap places.
You feel sick. Stillor's ghost hits your ball python.
Your ball python dies!
Stillor's ghost points at you and mumbles some strange words.
The blast of sand hits you.
* * * LOW HITPOINT WARNING * * *
You feel sick.
You feel sick.
The worker ant bites you but does no damage.
Stillor's ghost gestures at you while chanting.
The blast of sand hits you!
* * * LOW HITPOINT WARNING * * *
The kobold shoots a poisoned needle.
The poisoned needle barely misses you. The worker ant closely misses you.
The leopard gecko simulacrum bites you but does no damage.
The kobold shoots a poisoned needle.
The poisoned needle hits you.
You are more poisoned.
You see here a poisoned needle.
You die...

#.##........
###.##.#......
####$.....#......
#######....#.##.#......
#.........K............
#.^.....W.##.##..#'###
#......aZ.##...(.#
#...(...(.####.(.#.#
#######..@#<.....#.###..
......................
#######..........##.##
####.#............
..............###.. #
###......#####.## # #.
#....(.###....%.# # #.
.#.. #.#..(##........# #
#.. ....####
#..##....###...#


You could see a worker ant, stillor's ghost, a leopard gecko simulacrum and a
kobold.

Vanquished Creatures
  Crazy Yiuf (D:2)
  3 adders
  A hound simulacrum (D:3)
  2 worms
  2 leopard geckos
  An orc (D:3)
  3 giant cockroaches
  4 goblins
  5 hobgoblins
  A jackal (D:3)
  9 bats
  4 frilled lizards
  6 kobolds
  3 rats
45 creatures vanquished.

Vanquished Creatures (collateral kills)
  An orc priest (D:3)
  An orc wizard (D:3)
  2 worms (D:3)
  A leopard gecko (D:3)
  2 orcs (D:3)
  A goblin (D:3)
  A quokka (D:3)
  A frilled lizard (D:3)
  3 kobolds (D:3)
  A rat (D:3)
14 creatures vanquished.

Grand Total: 59 creatures vanquished

Notes
Turn   | Place    | Note
-------+----------+-------------------------------------------
     0 | D:1      | Mrkan the Ogre Transmuter began the quest for the Orb.
     0 | D:1      | Reached XP level 1. HP: 19/19 MP: 3/3
   377 | D:1      | Reached XP level 2. HP: 12/27 MP: 5/5
   746 | D:1      | You fall through a shaft!
   761 | D:2      | Found a shattered altar of Ashenzari.
   843 | D:2      | Reached XP level 3. HP: 35/35 MP: 5/7
  1512 | D:2      | Found an iron altar of Okawaru.
  1661 | D:2      | Found a runed translucent door.
  1662 | D:2      | Noticed Crazy Yiuf
  1668 | D:2      | Learned a level 2 spell: Sticks to Snakes
  1691 | D:2      | Killed Crazy Yiuf
  1691 | D:2      | Reached XP level 4. HP: 5/44 MP: 4/8
  2165 | D:3      | Reached XP level 5. HP: 26/50 MP: 1/9
  2553 | D:3      | Found a runed translucent gate.
  2553 | D:3      | Found a runed translucent gate.
  2553 | D:3      | Found a runed translucent gate.
  2694 | D:3      | Noticed stillor's ghost (weakling GrEE)
  2730 | D:3      | HP: 1/52 [stillor's ghost/blast of sand (7)]
  2732 | D:3      | Succumbed to a kobold's poison

Skill      XL: |  1  2  3  4 |
---------------+-------------+-----
Transmutations | 2 3 |  3.1
Unarmed Combat | 3 |  3.7
Fighting       | 2 |  2.8
Spellcasting   | 3 |  3.2
Dodging        | |  1.7

Action                   |  1- 3 |  4- 6 || total
-------------------------+-------+-------++-------
Melee: Unarmed           |   161 |    65 ||   226
       Kick              |     7 |     1 ||     8
       Headbutt          |     3 |     2 ||     5
 Cast: Beastly Appendage |    10 |     5 ||    15
       Sticks to Snakes  |     2 |    15 ||    17
  Use: Potion            |       |     1 ||     1
  Eat: Chunk             |     2 |     1 ||     3
       Ration            |       |     1 ||     1
Armor: Robe              |    73 |    48 ||   121
Dodge: Dodged            |   112 |    80 ||   192
